 Dungeon Crawl Stone Soup version 0.24-a0-292-g5c6fb1c (webtiles) character file.

Game seed: 10624765017767677523

267188 Ijustatesigmund the Octopoid Aeon (level 20, 0/146 HPs)
             Began as an Octopode Fighter on May 8, 2019.
             Was the Champion of Cheibriados.
             Killed from afar by a deep elf death mage (9 damage)
             ... with a bolt of negative energy
             ... on level 3 of the Elven Halls on May 10, 2019.
             The game lasted 01:53:37 (42304 turns).

Ijustatesigmund the Octopoid Aeon (OpFi)           Turns: 42304, Time: 01:53:39

Health: 0/146      AC:  7    Str: 32    XL:     20   Next: 52%
Magic:  0/42       EV: 38    Int: 30    God:    Cheibriados [******]
Gold:   3038       SH: 21    Dex: 39    Spells: 16/19 levels left

rFire    . . .     SeeInvis .   a - +6 flail (protect)
rCold    . . .     Gourm    .   b - +5 shield
rNeg     + . .     Faith    .   x - +2 hat {MR+}
rPois    .         Spirit   +   y - amulet of guardian spirit
rElec    .         Reflect  .   k - +3 ring of dexterity
rCorr    +         Harm     .   m - +4 ring of evasion
MR       ++...                  E - ring of magical power
Stlth    +++++++++.             i - ring "Sigim" {AC+3 Int+2}
HPRegen  0.34/turn              Q - ring of resist corrosion
MPRegen  0.28/turn              X - ring of stealth
                                j - +1 ring of protection
                                Y - ring of positive energy

@: agile, lightly drained, very slow
A: almost no armour, stealthy swim, amphibious, 8 rings, constrict 8, camouflage
1, blink, mutation resistance 1, gelatinous body 1
}: 1/15 runes: decaying
a: Blink, Bend Time, Temporal Distortion, Slouch, Step From Time, Renounce
Religion


You were on level 3 of the Elven Halls.
You worshipped Cheibriados.
Cheibriados was exalted by your worship.
You were not hungry.

You visited 7 branches of the dungeon, and saw 35 of its levels.
You visited 1 bazaar.
You also visited: Ossuary, Gauntlet and Ice Cave.

You collected 3829 gold pieces.
You spent 791 gold pieces at shops.

Inventory:

Hand Weapons
 a - a +6 flail of protection (weapon)
 u - a +2 eveningstar of flaming
Missiles
 F - 13 silver javelins (quivered)
 G - 2 javelins of penetration
Armour
 b - a +5 shield (worn)
 x - a +2 hat of magic resistance (worn)
Jewellery
 i - the ring "Sigim" (on tentacle) {AC+3 Int+2}
   (You found it on level 1 of the Lair of Beasts)

   [ring of protection]

   It affects your AC (+3).
   It affects your intelligence (+2).
 j - a +1 ring of protection (on tentacle)
 k - a +3 ring of dexterity (left tentacle)
 m - a +4 ring of evasion (right tentacle)
 y - an amulet of guardian spirit (around mantle)
 z - an uncursed amulet of the gourmand
 C - an uncursed ring of fire
 E - a ring of magical power (on tentacle)
 M - an uncursed ring of ice
 Q - a ring of resist corrosion (on tentacle)
 X - a ring of stealth (on tentacle)
 Y - a ring of positive energy (on tentacle)
Wands
 c - a wand of scattershot (13)
 v - a wand of flame (29)
 w - a wand of polymorph (2)
 H - a wand of iceblast (26)
 L - a wand of acid (3)
 P - a wand of enslavement (9)
 W - a wand of digging (11)
Scrolls
 e - 6 scrolls of amnesia
 g - 14 scrolls of remove curse
 o - 5 scrolls of teleportation
 t - 7 scrolls of immolation
 A - a scroll of magic mapping
 B - 18 scrolls of identify
 D - 2 scrolls of fear
 K - a scroll of fog
 S - a scroll of holy word
 T - a scroll of enchant armour
 U - 2 scrolls of silence
 V - a scroll of blinking
Potions
 f - 3 potions of flight
 h - 9 potions of curing
 l - a potion of resistance
 n - 2 potions of cancellation
 p - 5 potions of might
 q - 3 potions of magic
 r - 7 potions of brilliance
 s - 2 potions of ambrosia
 N - 2 potions of mutation
 O - a potion of heal wounds
 Z - a potion of agility
Miscellaneous
 I - 2 boxes of beasts
 J - a lamp of fire
Comestibles
 d - 30 rations


   Skills:
 + Level 15.5(15.1) Fighting
 + Level 16.7(16.3) Maces & Flails
 - Level 5.0(4.7) Throwing
 + Level 12.0(11.7) Dodging
 - Level 10.3(10.0) Stealth
 + Level 11.6(11.3) Shields
 - Level 5.4(5.1) Conjurations
 - Level 5.4(5.1) Hexes
 - Level 19.0(18.6) Invocations
 - Level 7.1(6.8) Evocations


You had 16 spell levels left.
You knew the following spells:

 Your Spells              Type           Power        Failure   Level  Hunger
a - Dazzling Spray        Conj/Hex       ####..       6%          3    ####...

Your spell library contained the following spells:

 Spells                   Type           Power        Failure   Level  Hunger
 Confusing Touch          Hex            ####..       1%          1    ##.....
 Corona                   Hex            ####...      1%          1    ##.....
 Shock                    Conj/Air       ###.         5%          1    ##.....
 Confuse                  Hex            ####....     6%          3    ####...
 Tukima's Dance           Hex            ####....     6%          3    ####...
 Ensorcelled Hibernation  Hex/Ice        ###...       9%          2    ###....
 Animate Skeleton         Necr           N/A          16%         1    ##.....
 Pain                     Necr           #...         16%         1    ##.....
 Summon Small Mammal      Summ           #...         16%         1    ##.....
 Conjure Flame            Conj/Fire      ###.....     16%         3    ####...
 Static Discharge         Conj/Air       ###.....     16%         3    ####...
 Summon Guardian Golem    Hex/Summ       ###.....     17%         3    ####...
 Call Imp                 Summ           #.......     24%         2    ###....
 Corpse Rot               Necr           N/A          24%         2    ###....
 Poisonous Vapours        Pois/Air       #.....       24%         2    ###....
 Sublimation of Blood     Necr           #.........   24%         2    ###....
 Swiftness                Chrm/Air       #.......     24%         2    ###....
 Mephitic Cloud           Conj/Pois/Air  ##......     24%         3    ####...
 Call Canine Familiar     Summ           #.......     43%         3    ####...
 Gell's Gravitas          Tloc           #.........   43%         3    ####...
 Ignite Poison            Fire/Tmut/Pois #.......     43%         3    ####...
 Regeneration             Chrm/Necr      #.........   43%         3    ####...
 Vampiric Draining        Necr           #.........   43%         3    ####...
 Airstrike                Air            #.........   83%         4    #####..
 Animate Dead             Necr           N/A          83%         4    #####..
 Ice Form                 Ice/Tmut       #.......     83%         4    #####..
 Petrify                  Tmut/Erth      #.......     83%         4    #####..
 Summon Ice Beast         Ice/Summ       #.......     83%         4    #####..
 Summon Lightning Spire   Summ/Air       #.......     83%         4    #####..
 Bolt of Draining         Conj/Necr      ###.......   83%         5    ######.
 Irradiate                Conj/Tmut      ###.......   83%         5    ######.
 Lightning Bolt           Conj/Air       ###.......   83%         5    ######.
 Metabolic Englaciation   Hex/Ice        ###.......   83%         5    ######.
 Yara's Violent Unravell  Hex/Tmut       ###.......   83%         5    ######.
 Agony                    Necr           #.......     99%         5    ######.
 Alistair's Intoxication  Tmut/Pois      #.......     99%         5    ######.
 Dispel Undead            Necr           #.......     99%         5    ######.
 Excruciating Wounds      Chrm/Necr      #.........   99%         5    ######.
 Bolt of Cold             Conj/Ice       ###.......   100%        6    #######
 Freezing Cloud           Conj/Ice/Air   ##........   100%        6    #######
 Ozocubu's Refrigeration  Ice            #.........   100%        6    #######
 Simulacrum               Ice/Necr       #.........   100%        6    #######
 Ring of Flames           Chrm/Fire      #.........   100%        7    #######


Dungeon Overview and Level Annotations

Branches:
Dungeon (15/15)            Temple (0/1) D:6            Lair (6/6) D:8
  Swamp (4/4) Lair:4       Spider (0/4) Lair:2        Slime (0/5) Lair:6
    Orc (2/2) D:10            Elf (3/3) Orc:2        Vaults (4/5) D:14
  Crypt (0/3) Vaults:2     Depths (1/5) D:15

Altars:
Ashenzari
Cheibriados
Dithmenos
Elyvilon
Fedhas
Kikubaaqudgha
Makhleb
Nemelex Xobeh
Ru
Trog
Vehumet
Xom
Yredelemnul
Zin
The Shining One
Beogh
Jiyva

Shops:
D:15 *   Orc:2 *%}(   Elf:2 }   Vaults:2 !

Portals:
Pandemonium: Orc:2


Innate Abilities, Weirdness & Mutations

You cannot wear most types of armour.
You are very stealthy in the water. (Stealth+)
You are amphibious.
You can wear up to eight rings at the same time.
You can use your tentacles to constrict eight enemies at once.
Your skin changes colour to match your surroundings (Stealth+).
Your rubbery body absorbs attacks. (AC +1, EV +1)
You can translocate small distances at will.
You are somewhat resistant to further mutation.


Message History

The deep elf death mage resists with some effort. x2
The deep elf sorcerer easily resists.
The deep elf annihilator easily resists.
The chaos spawn is unaffected.
The deep elf blademaster resists with almost no effort.
The deep elf sorcerer resists with almost no effort.
The deep elf elementalist resists with almost no effort.
The deep elf demonologist resists with some effort.
The deep elf demonologist gestures wildly while chanting.
A deep elf death mage comes into view. It is wielding a +0 long sword.
The deep elf death mage is empowered by something's aura!
A deep elf annihilator comes into view. It is wielding a +0 dagger.
The deep elf master archer shoots an arrow.
The arrow barely misses you.
The deep elf sorcerer casts a spell at you.
You easily resist.
You block the deep elf death mage's attack.
The deep elf death mage casts a spell at you.
The bolt of negative energy hits you! You partially resist.
You feel drained.
You die...

,,,,,***,,,,,,,,*+,,,,*#...#..#≈≈
,,,***,,,,,,,,,,,*,,,,*#...#..#≈≈
,,,**,,,,,,,,,,,,**,,,*#...#..#≈≈
,,**,,,,,,,,,,,#########...#..#≈≈
+***,,,,,,,,,,##......###'##..#≈≈
*,,,,,,,,,,,,##.......##...#..#≈≈
*,,,,,,,,,,,##.......#*#...#..#≈≈
*,,,,,,,,e.##.......#* #...#..#≈≈
*,,,,,⌠,,.......@e..#* #...#..#≈≈
,,,,,,,,,............#*#...+..#≈≈
,,,,,,,,,.............##...#..#≈≈
,,,,,,,,,......ee.....##'###..#≈≈
,,,,,,,,,..e.e........##...'..'..
,,,,,*,,,.4ee2e#......##...#).'..
,,,,**,,,ee....##.....##...#..)..
,,,*,*,,,e..eee**.....##...#..#)≈
,****,,,,ee.,,,,,***,,*#...#..#≈≈


You could see a deep elf blademaster, a deep elf master archer, a green death, 2
deep elf annihilators, 5 deep elf death magi, 2 deep elf sorcerers, a deep elf
elementalist, 2 deep elf demonologists, a deep elf high priest and a chaos
spawn.

Vanquished Creatures
  Bai Suzhen (Swamp:4)
  the Enchantress (Depths:1)
  A bone dragon (Swamp:4)
  Jorgrun (Elf:2)
  2 deep elf blademasters
  Frances (D:14)
  3 thorn hunters
  2 revenants (Vaults:2)
  A vault warden (Vaults:3)
  2 fire giants
  Aizul (Vaults:3)
  Louise (Elf:2)
  2 deep elf elementalists
  2 ironheart preservers
  The ghost of Killmatronix the Slicer, a journeyman KoHu of Okawaru (Orc:1)
  3 very ugly things (Vaults:3)
  3 spriggan defenders (Depths:1)
  2 entropy weavers
  4 stone giants
  A minotaur (Gauntlet)
  3 ettins
  2 deep elf death magi
  Josephine (Lair:4)
  2 deep elf high priests
  2 fire dragons
  5 yaktaur captains
  A great orb of eyes (Vaults:2)
  2 vault guards (D:14)
  An ice dragon (Vaults:4)
  A spriggan air mage (Depths:1)
  The ghost of Ds27 the Spear-Bearer, a journeyman DsAK of Lugonu (Lair:1)
  A catoblepas (Lair:4)
  2 rakshasas
  12 two-headed ogres
  8 alligators
  3 ghost crabs (Swamp:4)
  17 hydras
  10 centaur warriors
  3 ogre magi
  A deep troll earth mage (Depths:1)
  18 dancing weapons
  3 death yaks (Lair:6)
  4 tengu warriors
  2 spriggan berserkers (Depths:1)
  3 death knights
  10 orc high priests
  12 deep elf knights
  2 soul eaters (Orc:2)
  Sonja (D:13)
  Nergalle (Orc:1)
  A sixfirhy (Orc:2)
  5 unseen horrors
  2 spriggan druids
  A skeletal warrior (D:15)
  2 torturous demonspawn (Orc:2)
  4 deep trolls
  5 spectral hydras (Swamp:4)
  2 swamp dragons (Swamp:1)
  A deep troll (shapeshifter) (Vaults:1)
  An infernal demonspawn (Orc:2)
  5 ironbrand convokers
  An obsidian statue (Vaults:2)
  2 wizards
  4 deep elf archers
  2 glowing orange brains
  Pikel (D:7)
  A lindwurm (Lair:6)
  29 deep elf magi
  8 orc knights
  2 oklob plants
  2 necromancers
  34 ugly things
  A salamander (shapeshifter) (D:15)
  4 orc sorcerers
  6 cyclopes
  2 manticores
  4 elephants (Lair:6)
  Joseph (D:7)
  12 vault sentinels
  A rust devil (Orc:2)
  5 black mambas
  An ice statue (IceCv)
  A gargoyle (D:13)
  2 molten gargoyles (Lair:6)
  A spiny frog (shapeshifter) (Vaults:3)
  23 spiny frogs
  A storm dragon simulacrum (Vaults:1)
  An orange demon (Orc:2)
  2 efreet
  15 komodo dragons
  11 freezing wraiths
  2 swamp worm zombies (Swamp:4)
  9 trolls
  A jumping spider (Vaults:3)
  4 tengu conjurers
  3 polar bears
  2 hydra zombies (Swamp:4)
  A queen bee (D:10)
  15 blink frogs
  A wolf spider simulacrum (IceCv)
  9 tyrant leeches
  5 hornets
  A raiju (Gauntlet)
  11 hippogriffs
  43 slime creatures
  A hippogriff (shapeshifter) (Vaults:2)
  9 bog bodies
  Prince Ribbit (D:6)
  2 spectral swamp dragons (Swamp:4)
  3 alligator zombies (Swamp:4)
  An air elemental (Elf:1)
  A human simulacrum (Vaults:2)
  2 redbacks
  7 wraiths
  5 small abominations (Gauntlet)
  2 vampires (D:15)
  3 shadows
  A tarantella (Vaults:3)
  7 basilisks
  6 spriggans
  4 water elementals
  13 yaks
  A hog (shapeshifter) (D:13)
  A spriggan (shapeshifter) (Vaults:1)
  9 wyverns
  2 fire elementals
  8 humans (D:14)
  A golden eye (shapeshifter) (D:15)
  4 hungry ghosts
  A neqoxec (Orc:2)
  3 steam dragons
  22 vampire mosquitoes
  A soldier ant (D:14)
  A swamp worm (shapeshifter) (D:15)
  12 swamp worms
  11 insubstantial wisps
  3 wargs
  3 acid dragons
  A soldier ant (shapeshifter) (Vaults:2)
  11 water moccasins
  A meliai simulacrum (D:14)
  5 hell hounds (Lair:6)
  9 porcupines
  10 ice beasts
  2 hornet zombies
  An eye of draining (D:9)
  34 orc warriors
  5 swamp dragon zombies (Swamp:4)
  9 swamp drakes
  2 necrophages
  6 sky beasts
  2 black bears
  13 phantoms
  8 boggarts (Vaults:1)
  20 ogres
  12 wolves
  An alligator simulacrum (IceCv)
  24 crocodiles
  29 centaurs
  A big kobold (D:9)
  21 bullfrogs
  An elf zombie (D:7)
  2 gnoll sergeants
  7 earth elementals
  A wyvern zombie (D:12)
  A wyvern skeleton (D:14)
  A water moccasin skeleton (D:6)
  A troll zombie (D:7)
  A hornet simulacrum (D:14)
  2 scorpions (D:9)
  34 killer bees
  18 wights
  A howler monkey (D:8)
  An elephant simulacrum (IceCv)
  8 crimson imps
  4 lava snakes (Lair:6)
  A bullfrog zombie (D:5)
  5 centaur zombies
  5 human zombies
  3 jellies
  A draconian simulacrum (IceCv)
  22 orc priests
  3 hounds
  25 orc wizards
  3 bullfrog skeletons
  4 centaur skeletons
  2 human skeletons
  8 iguanas
  A spectral swamp drake (Swamp:4)
  12 worker ants
  2 spriggan simulacra (IceCv)
  A polar bear simulacrum (IceCv)
  8 troll simulacra (IceCv)
  A centaur simulacrum (IceCv)
  A hound zombie (D:9)
  4 hound skeletons
  3 mummies (D:7)
  2 worker ant zombies
  17 gnolls
  A howler monkey zombie (D:9)
  10 adders
  5 ogre simulacra (IceCv)
  3 naga simulacra (IceCv)
  A shadow imp (D:11)
  12 white imps (IceCv)
  3 oozes
  2 adder zombies
  5 worms
  2 dart slugs
  5 leopard geckos
  93 orcs
  3 bats (D:2)
  7 giant cockroaches
  5 goblins
  10 hobgoblins
  14 jackals
  10 kobolds
  9 quokkas
  2 ball pythons (D:1)
  A ball python skeleton (Ossuary)
  4 frilled lizards
  A giant cockroach zombie (D:5)
  A hobgoblin skeleton (Ossuary)
  2 hobgoblin zombies (Ossuary)
  An orc skeleton (Ossuary)
  4 orc zombies
  3 quokka skeletons
  6 rats
  2 briar patches
  A fungus (Lair:1)
1308 creatures vanquished.

Vanquished Creatures (others)
  A vault guard (D:14)
  An alligator (Swamp:1)
  A tyrant leech (Swamp:1)
  A human (D:14)
  An insubstantial wisp (Swamp:4)
  A swamp worm (Swamp:1)
  A bullfrog skeleton (D:9)
  An orc (Orc:1)
  A quokka (D:8)
  14 fungi
  6 plants
29 creatures vanquished.

Grand Total: 1337 creatures vanquished

Notes
Turn   | Place    | Note
-------+----------+-------------------------------------------
     0 | D:1      | Ijustatesigmund the Octopode Fighter began the quest for
                  | the Orb.
     0 | D:1      | Reached XP level 1. HP: 16/16 MP: 1/1
    71 | D:1      | Reached XP level 2. HP: 15/21 MP: 2/2
   652 | D:1      | Reached XP level 3. HP: 24/26 MP: 3/3
   765 | D:2      | Found a shattered altar of Ashenzari.
   846 | D:2      | Reached XP level 4. HP: 22/32 MP: 4/4
   853 | D:2      | You fall through a shaft for 2 floors!
  1373 | D:2      | Reached XP level 5. HP: 37/37 MP: 5/5
  1511 | D:2      | Found a bloodstained altar of Trog.
  2466 | D:4      | Reached XP level 6. HP: 42/44 MP: 6/6
  2739 | D:4      | Reached skill level 5 in Maces & Flails
  2937 | D:4      | Reached XP level 7. HP: 34/49 MP: 7/7
  3366 | D:4      | Found a burning altar of Makhleb.
  3832 | D:5      | Entered Level 5 of the Dungeon
  3876 | D:5      | Reached skill level 5 in Fighting
  4131 | D:5      | Reached skill level 1 in Stealth
  4207 | D:5      | Reached XP level 8. HP: 49/55 MP: 8/8
  4461 | D:5      | Found an ancient bone altar of Kikubaaqudgha.
  5072 | D:6      | Reached skill level 5 in Dodging
  5072 | D:6      | Reached skill level 5 in Shields
  5305 | D:6      | Found a sacrificial altar of Ru.
  5305 | D:6      | Found a snail-covered altar of Cheibriados.
  5311 | D:6      | Found a glowing silver altar of Zin.
  5314 | D:6      | Became a worshipper of Cheibriados the Contemplative
  5357 | D:6      | Reached skill level 1 in Invocations
  5364 | D:6      | Reached skill level 2 in Invocations
  5665 | D:6      | Found a staircase to the Ecumenical Temple.
  5678 | D:6      | Reached skill level 3 in Invocations
  5695 | D:6      | Noticed a hippogriff
  5702 | D:6      | Killed a hippogriff
  5702 | D:6      | Reached skill level 4 in Invocations
  5702 | D:6      | Reached XP level 9. HP: 35/62 MP: 10/12
  6056 | D:7      | Found a sand-covered staircase.
  6060 | D:7      | Noticed Prince Ribbit
  6067 | Ossuary  | Entered an ossuary
  6167 | Ossuary  | Reached skill level 5 in Invocations
  6527 | Ossuary  | Reached * piety under Cheibriados
  6527 | Ossuary  | Reached skill level 6 in Invocations
  6613 | D:6      | Killed Prince Ribbit
  6918 | D:7      | Reached skill level 7 in Invocations
  7052 | D:7      | Found a blossoming altar of Fedhas.
  7208 | D:7      | Noticed Joseph
  7214 | D:7      | Killed Joseph
  7214 | D:7      | Reached skill level 8 in Invocations
  7214 | D:7      | Reached XP level 10. HP: 68/68 MP: 14/16
  7297 | D:7      | Reached ** piety under Cheibriados
  7315 | D:7      | Found a basalt altar of Yredelemnul.
  7971 | D:7      | Noticed Pikel
  7976 | D:7      | Killed Pikel
  7976 | D:7      | Reached skill level 9 in Invocations
  8111 | D:7      | Found a sparkling altar of Nemelex Xobeh.
  8311 | D:8      | Reached skill level 1 in Evocations
  8668 | D:8      | Found a staircase to the Lair.
  8786 | D:8      | Found a radiant altar of Vehumet.
  8789 | D:8      | Found a shadowy altar of Dithmenos.
  8874 | D:8      | Reached *** piety under Cheibriados
  9058 | D:8      | Found a white marble altar of Elyvilon.
  9195 | D:9      | Reached skill level 10 in Invocations
  9421 | D:9      | Noticed a two-headed ogre
  9430 | D:9      | Killed a two-headed ogre
  9430 | D:9      | Reached skill level 5 in Evocations
  9430 | D:9      | Reached XP level 11. HP: 57/72 MP: 13/19
  9433 | D:9      | Reached **** piety under Cheibriados
  9536 | D:9      | Noticed a centaur warrior
  9537 | D:9      | Noticed a centaur warrior
  9549 | D:9      | Killed a centaur warrior
  9549 | D:9      | Reached skill level 11 in Invocations
  9549 | D:9      | Killed a centaur warrior
  9933 | D:9      | Killed an unseen horror
 10077 | D:9      | Noticed a death knight
 10092 | D:9      | Killed a death knight
 10266 | D:9      | Got a faintly glowing buckler
 10277 | D:9      | Identified the cursed +0 buckler "Ciyl" {rPois rF- MR+++
                  | Int-5} (You found it on level 9 of the Dungeon)
 10407 | D:10     | Entered Level 10 of the Dungeon
 10495 | D:10     | Found a staircase to the Orcish Mines.
 10852 | D:10     | Reached XP level 12. HP: 80/80 MP: 20/20
 11014 | D:11     | Reached skill level 12 in Invocations
 11083 | D:11     | Found a gate leading to a gauntlet.
 11087 | Gauntlet | Entered a Gauntlet
 11087 | Gauntlet | Found a transporter.
 11087 | Gauntlet | Found a transporter.
 11087 | Gauntlet | Noticed a tengu warrior
 11089 | Gauntlet | Found a transporter.
 11089 | Gauntlet | Found a transporter.
 11106 | Gauntlet | Found a transporter.
 11117 | Gauntlet | Found a transporter.
 11122 | Gauntlet | Found a transporter.
 11122 | Gauntlet | Noticed a reaper
 11128 | Gauntlet | Found a transporter.
 11144 | Gauntlet | Found a transporter.
 11150 | Gauntlet | Found a transporter.
 11152 | Gauntlet | Found a transporter.
 11178 | Gauntlet | Found a transporter.
 11283 | Gauntlet | Reached ***** piety under Cheibriados
 11283 | Gauntlet | Reached skill level 10 in Maces & Flails
 11286 | Gauntlet | Killed a tengu warrior
 11683 | Gauntlet | Noticed a minotaur
 11694 | Gauntlet | Killed a minotaur
 12306 | D:12     | Noticed a four-headed hydra
 12313 | D:12     | Killed a four-headed hydra
 12341 | D:12     | Noticed a two-headed ogre
 12346 | D:12     | Killed a two-headed ogre
 12527 | D:12     | Noticed a seven-headed hydra
 12539 | D:12     | HP: 3/82 [seven-headed hydra (14)]
 12542 | D:12     | Killed a seven-headed hydra
 13066 | D:12     | Reached XP level 13. HP: 88/88 MP: 22/22
 13097 | D:12     | Identified the cursed +1 leather armour "Ysonlig" {+Fly
                  | MP-9 Slay+2 Stlth+}
 13112 | D:12     | Upgraded the game from 0.24-a0-290-gbb66a67 to
                  | 0.24-a0-291-g79c1ce7
 13647 | D:13     | Noticed Sonja
 13651 | D:13     | Killed Sonja
 13651 | D:13     | Reached skill level 13 in Invocations
 14817 | D:13     | Found a glowing golden altar of the Shining One.
 15033 | D:14     | Noticed a fire dragon
 15042 | D:14     | Killed a fire dragon
 15056 | D:14     | Reached ****** piety under Cheibriados
 15166 | D:14     | Killed a vault guard
 15262 | D:14     | Noticed Frances
 15272 | D:14     | Killed Frances
 15374 | D:14     | Noticed a vault guard
 15375 | D:14     | Noticed a vault guard
 15380 | D:14     | Killed a vault guard
 15383 | D:14     | Reached XP level 14. HP: 97/97 MP: 24/24
 15863 | D:14     | Found a shadowy altar of Dithmenos.
 16226 | D:14     | Found a gate to the Vaults.
 16403 | Orc:1    | Entered Level 1 of the Orcish Mines
 16413 | Orc:1    | Noticed Nergalle
 16423 | Orc:1    | Killed Nergalle
 16428 | Orc:1    | Paralysed by an orc sorcerer for 2 turns
 16436 | Orc:1    | HP: 4/98 [orc sorcerer/bolt of fire (23)]
 16438 | Orc:1    | Reached skill level 1 in Throwing
 16722 | Orc:1    | Noticed a stone giant
 16736 | Orc:1    | Killed a stone giant
 16942 | Orc:1    | Found a roughly hewn altar of Beogh.
 16950 | Orc:1    | Found a runed translucent door.
 16950 | Orc:1    | Noticed Killmatronix's ghost (journeyman KoHu)
 16983 | Orc:1    | Killed Killmatronix's ghost
 17354 | Orc:2    | Entered Level 2 of the Orcish Mines
 17408 | Orc:2    | Reached skill level 14 in Invocations
 17498 | Orc:2    | Found a staircase to the Elven Halls.
 17577 | Orc:2    | Found a radiant altar of Vehumet.
 17817 | Orc:2    | Found Burer's General Store.
 17822 | Orc:2    | Reached skill level 10 in Fighting
 18190 | Orc:2    | Found Moliut's Food Shop.
 19572 | Orc:2    | Found Piopo's Gadget Emporium.
 19572 | Orc:2    | Found a one-way gate leading to the halls of Pandemonium.
 19572 | Orc:2    | Found Osmeher's Antique Weapon Shoppe.
 19582 | Orc:2    | Bought a wand of scattershot (6) for 300 gold pieces
 19611 | Orc:2    | Bought a scroll of teleportation for 51 gold pieces
 19727 | Lair:1   | Entered Level 1 of the Lair of Beasts
 19771 | Lair:1   | You fall through a shaft!
 19842 | Lair:2   | Reached XP level 15. HP: 100/105 MP: 25/25
 20023 | Lair:2   | Reached skill level 5 in Throwing
 20188 | Lair:2   | Found a hole to the Spider Nest.
 20748 | Lair:1   | Reached skill level 15 in Invocations
 20750 | Lair:1   | Reached XP level 16. HP: 111/114 MP: 27/27
 20786 | Lair:1   | Got a crude brass ring
 20886 | Lair:1   | Found a runed translucent door.
 20886 | Lair:1   | Found a shimmering altar of Xom.
 20886 | Lair:1   | Noticed Ds27's ghost (journeyman DsAK)
 20912 | Lair:1   | Killed Ds27's ghost
 21538 | Lair:3   | Found a frozen archway.
 21595 | IceCv    | Entered an ice cave
 21703 | IceCv    | Identified the ring "Sigim" {AC+3 Int+2} (You found it on
                  | level 1 of the Lair of Beasts)
 21867 | IceCv    | Found an ancient bone altar of Kikubaaqudgha.
 23247 | Lair:4   | You fall through a shaft for 2 floors!
 23247 | Lair:6   | Entered Level 6 of the Lair of Beasts
 23817 | Lair:4   | Noticed Josephine
 23825 | Lair:4   | Killed Josephine
 24212 | Lair:4   | Found a staircase to the Swamp.
 25311 | Lair:6   | Found a viscous altar of Jiyva.
 25311 | Lair:6   | Found a staircase to the Slime Pits.
 25549 | Lair:6   | Upgraded the game from 0.24-a0-291-g79c1ce7 to
                  | 0.24-a0-292-g5c6fb1c
 25584 | Lair:6   | Reached skill level 16 in Invocations
 25634 | Lair:6   | Reached XP level 17. HP: 103/121 MP: 29/29
 25658 | Lair:6   | Found a large runed translucent door.
 25697 | Lair:6   | Found a large runed translucent door.
 26285 | Swamp:1  | Entered Level 1 of the Swamp
 27141 | Swamp:1  | Gained mutation: You are somewhat resistant to further
                  | mutation. [potion of mutation]
 27141 | Swamp:1  | Gained mutation: You can translocate small distances at
                  | will. [potion of mutation]
 27551 | Swamp:2  | Reached skill level 15 in Maces & Flails
 28813 | Swamp:3  | Reached skill level 17 in Invocations
 28999 | Swamp:3  | Reached skill level 10 in Dodging
 29312 | Swamp:4  | Entered Level 4 of the Swamp
 30052 | Swamp:4  | Reached skill level 5 in Stealth
 30599 | Swamp:4  | Noticed Bai Suzhen
 30996 | Swamp:4  | Reached skill level 10 in Shields
 31128 | Swamp:4  | Killed Bai Suzhen
 31128 | Swamp:4  | Reached XP level 18. HP: 84/131 MP: 22/30
 31128 | Swamp:4  | Noticed a bone dragon
 31459 | Swamp:4  | Killed a bone dragon
 31681 | Swamp:4  | Got a decaying rune of Zot
 32610 | D:15     | Entered Level 15 of the Dungeon
 32648 | D:15     | Found Efuomiem's Blood Bar.
 33073 | D:15     | Found an ancient bone altar of Kikubaaqudgha.
 33157 | D:15     | Found a staircase to the Depths.
 33359 | D:15     | Found a bloodstained altar of Trog.
 33590 | Depths:1 | Entered Level 1 of the Depths
 33590 | Depths:1 | Identified the +1 faerie dragon scales {rElec MR++ rCorr
                  | Int-2 Slay+4}
 33590 | Depths:1 | Noticed the Enchantress
 33592 | Depths:1 | Found a flickering gateway to a bazaar.
 33600 | Depths:1 | Killed the Enchantress
 33616 | Bazaar   | Entered a bazaar
 33616 | Bazaar   | Found Hioxituts's Weapon Emporium.
 33621 | Bazaar   | Found Dufika's General Store.
 33648 | Bazaar   | Found Enakewk's Armour Boutique.
 33659 | Bazaar   | Found Wuvongug's Distillery.
 33665 | Bazaar   | Bought a potion of heal wounds for 60 gold pieces
 33665 | Bazaar   | Bought a potion of curing for 36 gold pieces
 33665 | Bazaar   | Bought a potion of curing for 36 gold pieces
 33665 | Bazaar   | Bought a potion of heal wounds for 60 gold pieces
 33696 | Bazaar   | Bought 2 potions of agility for 72 gold pieces
 33755 | Depths:1 | Reached skill level 10 in Stealth
 34629 | Vaults:1 | Entered Level 1 of the Vaults
 35965 | Vaults:1 | Reached skill level 18 in Invocations
 36188 | Vaults:2 | Reached XP level 19. HP: 125/133 MP: 32/32
 36357 | Vaults:2 | Found Kufreoq's Distillery.
 36373 | Vaults:2 | Bought a potion of mutation for 176 gold pieces
 36426 | Vaults:2 | Found a staircase to the Crypt.
 37039 | Vaults:2 | Identified a scroll of acquirement
 37242 | Vaults:2 | Reached skill level 19 in Invocations
 37629 | Vaults:2 | Learned a level 3 spell: Dazzling Spray
 37698 | Vaults:3 | Reached skill level 1 in Conjurations
 37698 | Vaults:3 | Reached skill level 1 in Hexes
 38495 | Vaults:3 | Noticed Aizul
 38521 | Vaults:3 | Killed Aizul
 38539 | Vaults:3 | Reached skill level 5 in Conjurations
 38539 | Vaults:3 | Reached skill level 5 in Hexes
 39856 | Elf:1    | Entered Level 1 of the Elven Halls
 40733 | Elf:1    | Reached XP level 20. HP: 116/144 MP: 33/33
 41033 | Elf:2    | Found Apupue's Gadget Emporium.
 41378 | Elf:2    | Found a runed translucent gate.
 41378 | Elf:2    | Found a runed translucent gate.
 41378 | Elf:2    | Found a runed translucent gate.
 41569 | Elf:2    | Noticed Louise
 41591 | Elf:2    | Killed Louise
 41591 | Elf:2    | Reached skill level 15 in Fighting
 41898 | Elf:2    | Noticed Jorgrun
 41911 | Elf:2    | Killed Jorgrun
 42090 | Elf:3    | Entered Level 3 of the Elven Halls
 42304 | Elf:3    | Killed from afar by a deep elf death mage

Levels and vault maps discovered:
D:1:      dpeg_arrival_pond, layout_basic
D:2:      layout_rooms, lemuel_round_altar, bloody_trog, serial_bayou_lagoon_a
D:3:      layout_basic, serial_glass, glass_columns_a, glass_columns_c
D:4:      layout_basic, lightli_temple_of_fire, serial_glass, glass_columns_b,
          glass_columns_b, glass_columns_a, glass_columns_a, glass_columns_b,
          glass_columns_b, first_ration, grunt_ministairs_15,
          minmay_misc_feat_doors
D:5:      lemuel_upstairs_altar, layout_gridville, kennysheep_mini
D:6:      layout_basic, gammafunk_temple_overflow_forgotten,
          minmay_temple_entry_junction
D:7:      layout_basic, lemuel_mausoleum_altar_yredelemnul,
          kennysheep_little_box, kennysheep_mini_moat,
          nicolae_ossuary_entry_monument, uniq_prince_ribbit1, uniq_joseph,
          uniq_pikel
D:8:      layout_basic, elyvilon_altar_4, minitemple, david_lair_shrubbed
D:9:      minmay_the_grid_triangle_9x9_recursive_2
          [minmay_the_grid_triangle_9x9_prize_insulated,
          minmay_the_grid_triangle_9x9_flanged_cone,
          minmay_the_grid_triangle_9x9_skeleton,
          minmay_the_grid_triangle_9x9_dagger], layout_basic, st_stairs_14
D:10:     layout_rooms, orc_0_dummy, david_nohive_1
D:11:     layout_roguey, gauntlet_entry_generic
D:12:     layout_gridville
D:13:     layout_roguey, basic_altar, uniq_sonja
D:14:     layout_roguey, ximxim_vaults_locker_room, chequers_arboretum,
          grunt_ministairs_4, grunt_dithmenos_shadows, uniq_frances
D:15:     gammafunk_enter_depths_forms, layout_irregular_city,
          lemuel_coloured_pillars_altar, basic_altar, guppyfry_shop_blood
Lair:1:   cheibrodos_lair_river_kwai, layout_loops_ring, ebering_ghost_xom
Lair:2:   layout_hall_layers, spider_nest_entry_rubble, beast_lair_carwin_5,
          grunt_megastairs_4
Lair:3:   layout_regular_city, portal_ice_cave_entry_pillars_1,
          beast_lair_carwin_10, serial_bayou_shore_b
Lair:4:   layout_roguey, minmay_swamp_entry_swarm, grunt_megastairs_5,
          uniq_josephine
Lair:5:   layout_regular_city, lemuel_fruit_fields, infiniplex_staircase_pool,
          lemuel_fruit_fields
Lair:6:   cheibrodos_lair_end_hotspot, layout_layer_cave, slime_altar_1
Swamp:1:  layout_basic_swamp, hangedman_swamp_ruin_hall, swamp_pool5,
          nicolae_swamp_treefoil
Swamp:2:  layout_basic_swamp, evilmike_swamp_ruin_house_2
Swamp:3:  layout_falls_marsh, evilmike_swamp_ruin_house_3, swamp_pool3
Swamp:4:  swamp_pestilence, layout_basic_swamp, swamp_pool5, kb_tengu_band,
          infiniplex_staircase_pool_2, uniq_bai_suzhen
Orc:1:    layout_caves, ebering_ghost_inner_flame, basic_altar, uniq_nergalle
Orc:2:    pf_orc_diabolical, layout_caves, basic_altar, nicolae_orc_damp_corner
Elf:1:    kennysheep_six_static_rooms, layout_onion_city, serial_glass,
          glass_columns_a, glass_columns_a, kennysheep_underground_church
Elf:2:    layout_loops_ring, serial_shops, shop, uniq_jorgrun, uniq_louise
Elf:3:    elf_hall, layout_geoelf_castle, minmay_shoptagon, uniq_mara
Vaults:1: nicolae_vaults_specimen_jars, hangedman_vaults_stagger, v_misc_1,
          vaults_room_ringed_pool, v_misc_27, vaults_room_door_hall,
          nicolae_vaults_circle_grid_a, grunt_vaults_diagonal,
          vaults_mumra_chevron, nicolae_vaults_know_your_exits,
          layout_vaults_maze
Vaults:2: ontoclasm_vaults_gateway, nicolae_vaults_statue_guard,
          v_alt_pattern_2, v_alt_pattern_1, minmay_crypt_entry_simple_sparse,
          vaults_room_door_ring, hangedman_vaults_restitches, serial_ice_m,
          layout_vaults_quadrants, serial_shops, shop
Vaults:3: v_alt_pattern_3, hangedman_vaults_restitches, vaults_room_pool,
          v_misc_26, v_misc_31, v_misc_29, vaults_room_door_ring,
          hangedman_vaults_snaps, v_misc_16, dpeg_vaults_monster_box,
          layout_vaults_big_cross, uniq_aizul
Vaults:4: ontoclasm_vaults_misaligned, nicolae_vaults_lopsided_apartments,
          v_alt_pattern_1, vaults_room_hallway,
          nicolae_vaults_mini_display_case, vaults_room_mumra_shop_pool,
          layout_vaults_chaotic_city
Depths:1: layout_basic, serial_shops, bzr_in_the_mist, hangedman_coc_ice_floe,
          grunt_decor_arrowhead, moated_statue, dk_noncrumbling_2,
          serial_bayou_crossing, uniq_enchantress

Skill      XL: |  1  2  3  4  5  6  7  8  9 10 11 12 13 14 15 16 17 18 19 20 |
---------------+-------------------------------------------------------------+-----
Maces & Flails | 3 4 5 6 8 9 10 11 12 13 14 15 16 | 16.7
Fighting       | 4 5 6 8 9 10 11 12 14 15 | 15.5
Shields        | 4 5 6 7 9 10 11 | 11.6
Dodging        | 4 5 6 7 9 10 11 12 | 12.0
Stealth        | 1 3 6 10 | 10.3
Invocations    | 4 8 10 11 12 13 14 15 16 17 18 19 | 19.0
Evocations     | 5 7 |  7.1
Throwing       | 4 5 |  5.0
Conjurations   | 5 |  5.4
Hexes          | 5 |  5.4

Action                   |  1- 3 |  4- 6 |  7- 9 | 10-12 | 13-15 | 16-18 | 19-21 || total
-------------------------+-------+-------+-------+-------+-------+-------+-------++-------
Melee: Flail             |    62 |   113 |   211 |   464 |   624 |  1566 |   694 ||  3734
       Tentacles         |    13 |    31 |    74 |   170 |   291 |   748 |   328 ||  1655
       Constrict         |    17 |    37 |    45 |    75 |   132 |   152 |   111 ||   569
       Morningstar       |       |       |    31 |       |       |       |       ||    31
Throw: Javelin           |       |       |       |     4 |    22 |    14 |       ||    40
 Cast: Dazzling Spray    |       |       |       |       |       |       |     2 ||     2
Invok: Slouch            |       |       |       |     8 |     4 |     7 |     4 ||    23
       Bend Time         |       |       |       |       |       |     2 |     1 ||     3
 Abil: Blink             |       |       |       |       |       |     4 |     1 ||     5
Evoke: Wand              |       |       |     2 |    29 |     2 |    21 |    11 ||    65
       Lamp of fire      |       |       |       |       |       |     1 |       ||     1
  Use: Scroll            |     5 |     3 |    15 |     9 |    16 |    12 |    10 ||    70
       Potion            |       |     3 |     1 |     6 |     3 |     5 |     7 ||    25
 Stab: Sleeping          |     3 |     7 |    17 |    21 |    30 |    40 |    40 ||   158
       Distracted        |     1 |       |       |     1 |     3 |     7 |     3 ||    15
       Confused          |       |       |     1 |     2 |       |     2 |       ||     5
       Paralysed         |       |       |       |     2 |       |       |       ||     2
       Held in net/web   |       |       |       |       |     1 |       |       ||     1
  Eat: Chunk             |       |     7 |     6 |     9 |     6 |     5 |     1 ||    34
       Ration            |       |       |     2 |     1 |     2 |     8 |     3 ||    16
Armor: Skin              |     4 |     5 |     2 |     8 |     7 |   107 |    29 ||   162
Dodge: Dodged            |    27 |    62 |   117 |   291 |   297 |  1069 |   275 ||  2138
Block: Shield            |    34 |    55 |   143 |   373 |   582 |  1418 |   467 ||  3072

Table legend:
 A = Non-vault XP
 B = Vault XP
 C = Vault XP percentage of total XP
 D = Non-vault monster count
 E = Vault monster count
 F = Vault count percentage of total count
                 A         B        C        D         E       F
            +---------+---------+-------+---------+---------+-------
      Total |  218101 |  184963 |  45.9 |     849 |     458 |  35.0
            +---------+---------+-------+---------+---------+-------
        D:1 |      61 |       0 |   0.0 |      21 |       0 |   0.0
        D:2 |     156 |       0 |   0.0 |      42 |       0 |   0.0
        D:3 |      47 |       0 |   0.0 |      12 |       0 |   0.0
        D:4 |     362 |     154 |  29.8 |      23 |       2 |   8.0
        D:5 |     613 |       0 |   0.0 |      17 |       0 |   0.0
        D:6 |    1375 |     255 |  15.6 |      19 |       1 |   5.0
        D:7 |     842 |    1669 |  66.5 |      15 |      14 |  48.3
        D:8 |    1449 |     355 |  19.7 |      32 |       1 |   3.0
        D:9 |    2534 |    5367 |  67.9 |      25 |      24 |  49.0
       D:10 |    1278 |    1292 |  50.3 |      28 |      17 |  37.8
       D:11 |    4942 |       0 |   0.0 |      37 |       0 |   0.0
       D:12 |    6969 |       0 |   0.0 |      40 |       0 |   0.0
       D:13 |    8401 |     782 |   8.5 |      48 |       1 |   2.0
       D:14 |    9152 |    6340 |  40.9 |      29 |      14 |  32.6
       D:15 |   13739 |    4943 |  26.5 |      43 |      11 |  20.4
     Lair:1 |    6477 |    4517 |  41.1 |      25 |      10 |  28.6
     Lair:2 |    4311 |    1417 |  24.7 |      16 |       9 |  36.0
     Lair:3 |    4995 |    1325 |  21.0 |      17 |       9 |  34.6
     Lair:4 |    4621 |    2437 |  34.5 |      15 |       8 |  34.8
     Lair:5 |     857 |       0 |   0.0 |       7 |       0 |   0.0
     Lair:6 |   12270 |    7158 |  36.8 |      34 |      25 |  42.4
    Swamp:1 |   14036 |     397 |   2.8 |      27 |       3 |  10.0
    Swamp:2 |   14840 |       0 |   0.0 |      37 |       0 |   0.0
    Swamp:3 |   12259 |       0 |   0.0 |      36 |       0 |   0.0
    Swamp:4 |    4088 |   23466 |  85.2 |       6 |      48 |  88.9
      Orc:1 |    2921 |    2372 |  44.8 |      19 |       3 |  13.6
      Orc:2 |    1002 |   19250 |  95.1 |      18 |      62 |  77.5
      Elf:1 |    8349 |    6809 |  44.9 |      20 |      12 |  37.5
      Elf:2 |    4902 |   27900 |  85.1 |       9 |      30 |  76.9
      Elf:3 |    8616 |    5200 |  37.6 |      15 |       3 |  16.7
   Vaults:1 |   16019 |   10290 |  39.1 |      35 |      31 |  47.0
   Vaults:2 |   17510 |    7818 |  30.9 |      38 |       8 |  17.4
   Vaults:3 |   23255 |   15941 |  40.7 |      40 |      18 |  31.0
   Vaults:4 |    1835 |    4842 |  72.5 |       1 |       5 |  83.3
   Depths:1 |    3018 |   11675 |  79.5 |       3 |       9 |  75.0
    Ossuary |       0 |     631 | 100.0 |       0 |      14 | 100.0
      IceCv |       0 |    6407 | 100.0 |       0 |      54 | 100.0
   Gauntlet |       0 |    3954 | 100.0 |       0 |      12 | 100.0
            +---------+---------+-------+---------+---------+-------
